AoeStats
← Efthiron

Golden Pit

503308316Analyzed
1v1 RM · 1mo ago on Aug 31, 2026· 28m 0s· 2 players
Game mode
Random Map
Map size
Tiny (2 player)
Population
200
Speed
Normal
Resources
Standard
Victory
Conquest
Starting age
Dark Age
Ending age
Imperial Age
RankedLock teamsTeams togetherTeam positionsShared explorationLock speedFull tech treeHidden civsTurbo modeCheats
Victory
Defeat
🇺🇸 Turks · United States
1334
+24
🇲🇽 Mongols · Mexico
1290
-14
Efthiron
7:07 Loom
8:52 Feudal Age
9:48 Town Watch
15:37 Castle Age
14:47 Double-Bit Axe
16:11 Bloodlines
21:11 Scale Barding Armor
21:16 Town Watch
22:40 Chain Barding Armor
23:16 Horse Collar
25:53 Wheelbarrow
HeyBro
10:20 Feudal Age
10:53 Loom
16:01 Castle Age
14:25 Double-Bit Axe
15:32 Gold Mining
15:36 Stone Mining
16:06 Gold Mining
17:02 Bow Saw
17:43 Horse Collar
22:50 Wheelbarrow
Connection lost

Rejoining the realm…

Still unreachable

The connection could not be restored.

Session expired

The server has moved on; the page needs a fresh start.